 Dungeon Crawl Stone Soup version 0.25-a0-545-ge4db218afc (webtiles) character file.

Game seed: 8059754214260036909, levelgen mode: deterministic

8059 DerDa the Destroyer (level 11, 0/70 HPs)
             Began as a Demonspawn Fire Elementalist on Feb 21, 2020.
             Was an Elder of Sif Muna.
             Slain by a porcupine (4 damage)
             ... while petrified by a basilisk
             ... on level 10 of the Dungeon.
             The game lasted 00:35:49 (9921 turns).

DerDa the Destroyer (Demonspawn Fire Elementalist)  Turns: 9921, Time: 00:35:50

Health: 0/70       AC:  7    Str:  8    XL:     11   Next: 4%
Magic:  14/24      EV:  2    Int: 23    God:    Sif Muna [****..]
Gold:   371        SH:  0    Dex: 17    Spells: 18/28 levels left

rFire    + . .     SeeInvis .   O - +4 scimitar (flame)
rCold    . . .     Gourm    .   (no shield)
rNeg     + + +     Faith    .   a - +0 robe
rPois    ∞         Spirit   .   n - +0 helmet
rElec    .         Reflect  .   x - scarf {cloud immunity}
rCorr    .         Harm     .   u - +2 pair of gloves {Dex+3}
MR       .....                  (no boots)
Stlth    ++........             N - amulet of rage
HPRegen  0.21/turn              i - +3 ring of intelligence
MPRegen  0.19/turn              y - +5 ring of evasion

@: petrified
A: hooves 2, rugged brown scales 1, fire resistance 1
a: Channel Magic, Forget Spell, Divine Exegesis, Renounce Religion, Evoke
Berserk Rage


You were on level 10 of the Dungeon.
You worshipped Sif Muna.
Sif Muna was greatly pleased with you.
You were not hungry.

You visited 2 branches of the dungeon, and saw 11 of its levels.
You also visited: Ossuary.

You collected 546 gold pieces.
You spent 175 gold pieces at shops.

Inventory:

Hand Weapons
 g - a +1 whip of freezing
 k - a +0 hunting sling
 r - a +2 vorpal hand crossbow
 A - a +3 falchion
 J - a +5 long sword
 O - a +4 scimitar of flaming (weapon)
Missiles
 d - 71 sling bullets
 e - 3 boomerangs of dispersal
 f - 325 stones
 s - 3 atropa-tipped darts
 K - 22 poisoned darts (quivered)
Armour
 a - a +0 robe (worn)
 n - a +0 helmet (worn)
 u - a +2 pair of gloves of dexterity (worn)
 x - a scarf of cloud immunity (worn)
Jewellery
 i - a +3 ring of intelligence (left hand)
 y - a +5 ring of evasion (right hand)
 C - an uncursed ring of positive energy
 N - an amulet of rage (around neck)
Wands
 H - a wand of flame (34)
 I - a wand of iceblast (12)
Scrolls
 m - a scroll of blinking
 o - 7 scrolls of remove curse
 w - 2 scrolls of immolation
 z - 3 scrolls of enchant weapon
 D - 2 scrolls of fog
 E - 4 scrolls of teleportation
 F - a scroll of fear
 G - a scroll of holy word
 L - a scroll of amnesia
Potions
 b - 3 potions of berserk rage
 h - 2 potions of mutation
 j - 6 potions of curing
 l - 3 potions of lignification
 p - 3 potions of might
 q - a potion of magic
 t - a potion of heal wounds
 v - a potion of flight {unknown}
 B - a potion of resistance {unknown}
 M - 2 potions of ambrosia {unknown}
 P - a potion of cancellation {unknown}
 Q - 2 potions of stabbing
Comestibles
 c - 12 rations


   Skills:
 + Level 0.3 Fighting
 + Level 1.8 Dodging
 - Level 1.7 Stealth
 * Level 9.3 Spellcasting
 * Level 9.9 Conjurations
 * Level 9.5 Fire Magic
 + Level 0.4 Invocations
 + Level 0.2 Evocations


You had 18 spell levels left.
You knew the following spells:

 Your Spells              Type           Power        Failure   Level  Hunger
a - Foxfire               Conj/Fire      ####         1%          1    None
b - Sticky Flame          Conj/Fire      ######..     1%          4    ##.....
c - Fireball              Conj/Fire      ######....   3%          5    ####...

Your spell library contained the following spells:

 Spells                   Type           Power        Failure   Level  Hunger
 Magic Dart               Conj           ####         1%          1    None
 Searing Ray              Conj           ######       1%          2    None
 Conjure Flame            Conj/Fire      ######..     1%          3    None
 Dazzling Flash           Conj/Hex       ####..       2%          3    None
 Inner Flame              Hex/Fire       ####....     2%          3    None
 Summon Small Mammal      Summ           ##..         6%          1    None
 Fulminant Prism          Conj/Hex       ####......   8%          4    ##.....
 Iskenderun's Mystic Bla  Conj/Tloc      ####....     8%          4    ##.....
 Call Imp                 Summ           ##......     9%          2    None
 Call Canine Familiar     Summ           ##......     19%         3    None
 Summon Guardian Golem    Hex/Summ       ##......     19%         3    None
 Summon Ice Beast         Ice/Summ       ##......     52%         4    ##.....
 Summon Lightning Spire   Summ/Air       ##......     52%         4    ##.....


Dungeon Overview and Level Annotations

Branches:
Dungeon (10/15)            Temple (1/1) D:5             Orc (0/2) D:9
Ossuary (visited)
   Lair: D:8-11

Altars:
Cheibriados
Elyvilon
Gozag
Nemelex Xobeh
Okawaru
Sif Muna
Uskayaw
The Shining One

Shops:
D:5 ?


Innate Abilities, Weirdness & Mutations

You have hoof-like feet.
You are partially covered in rugged brown scales. (AC +1, +3% HP)
Your flesh is heat resistant. (rF+)


Message History

You resist with some effort. The porcupine bites you! The basilisk bites you!!
The porcupine bites you. The basilisk gazes at you.
You resist with some effort. The porcupine bites you.
* * * LOW HITPOINT WARNING * * *
The porcupine bites you.
* * * LOW HITPOINT WARNING * * *
The basilisk bites you.
* * * LOW HITPOINT WARNING * * *
The porcupine bites you.
* * * LOW HITPOINT WARNING * * *
The basilisk bites you!
* * * LOW HITPOINT WARNING * * *
The porcupine bites you. The porcupine bites you!
* * * LOW HITPOINT WARNING * * *
The basilisk bites you.
* * * LOW HITPOINT WARNING * * *
The porcupine bites you!
You die...

...... .....# #...# .
#####...# ..
.......(##########...
.......(.............
#..........l....#
#)....<...@r....#
#..........r........
.....................
...############......
#. ...... . ......
....( .....


You could see a basilisk and 2 porcupines.

Vanquished Creatures
  Erica (D:7)
  A two-headed ogre (D:9)
  Pikel (D:7)
  Psyche (D:8)
  A spriggan (D:8)
  A wyvern (D:8)
  A water moccasin (D:6)
  4 orc warriors
  A sky beast (D:7)
  3 ice beasts
  2 slaves (D:7)
  A black bear (D:6)
  3 phantoms
  3 ogres
  10 centaurs
  A wolf (D:10)
  2 big kobolds
  4 bullfrogs
  2 gnoll sergeants (D:8)
  12 scorpions
  3 killer bees (D:9)
  8 wights
  2 howler monkeys
  A crimson imp (D:8)
  3 centaur zombies (Ossuary)
  2 bullfrog zombies (D:7)
  A human zombie (Ossuary)
  A quasit (D:7)
  6 orc priests
  A jelly (D:8)
  10 orc wizards
  6 hounds
  2 bullfrog skeletons (D:8)
  4 iguanas
  6 worker ants
  2 big kobold zombies (Ossuary)
  A hound zombie (D:5)
  4 mummies
  A worker ant zombie (D:5)
  Robin (D:3)
  10 adders
  4 gnolls (D:8)
  A howler monkey skeleton (D:4)
  3 scorpion zombies (Ossuary)
  3 shadow imps
  4 worms
  3 dart slugs
  44 orcs
  3 ball pythons
  6 giant cockroaches
  A gnoll zombie (Ossuary)
  12 hobgoblins
  9 jackals
  17 kobolds
  A quokka (D:9)
  3 bats
  4 frilled lizards
  A giant cockroach zombie (D:5)
  19 goblins
  3 goblin zombies
  3 hobgoblin zombies (Ossuary)
  A jackal zombie (D:5)
  3 kobold zombies
  An orc zombie (Ossuary)
  9 rats
288 creatures vanquished.

Vanquished Creatures (others)
  A sky beast (D:4)
  A scorpion (Ossuary)
  An orc wizard (D:8)
  An adder (D:8)
  942 foxfires
946 creatures vanquished.

Grand Total: 1234 creatures vanquished

Notes
Turn   | Place    | Note
-------+----------+-------------------------------------------
     0 | D:1      | DerDa the Demonspawn Fire Elementalist began the quest for
                  | the Orb.
     0 | D:1      | Reached XP level 1. HP: 13/13 MP: 3/3
   318 | D:1      | Gained mutation: You are partially covered in rugged brown
                  | scales. (AC +1, +3% HP) [demonic ancestry]
   318 | D:1      | Reached XP level 2. HP: 13/19 MP: 1/5
   952 | D:2      | Gained mutation: Your flesh is heat resistant. (rF+)
                  | [demonic ancestry]
   952 | D:2      | Reached XP level 3. HP: 21/24 MP: 2/6
  1779 | D:3      | Reached XP level 4. HP: 30/30 MP: 3/8
  1785 | D:3      | Learned a level 4 spell: Sticky Flame
  2194 | D:3      | Reached XP level 5. HP: 36/36 MP: 1/9
  2442 | D:3      | Reached XP level 6. HP: 36/42 MP: 5/11
  2632 | D:3      | Noticed Robin
  2664 | D:3      | Killed Robin
  3260 | D:4      | Gained mutation: You have large cloven feet. [demonic
                  | ancestry]
  3260 | D:4      | Reached XP level 7. HP: 47/47 MP: 8/13
  3401 | D:4      | Reached skill level 5 in Fire Magic
  3689 | D:4      | Learned a level 5 spell: Fireball
  3690 | D:5      | Entered Level 5 of the Dungeon
  3793 | D:5      | Found a staircase to the Ecumenical Temple.
  3802 | Temple   | Entered the Ecumenical Temple
  3810 | Temple   | Became a worshipper of Sif Muna the Loreminder
  3853 | D:5      | Reached skill level 5 in Spellcasting
  3853 | D:5      | Reached skill level 5 in Conjurations
  3872 | D:5      | Found Wupsil's Magic Scroll Emporium.
  3882 | D:5      | Bought a scroll of teleportation for 42 gold pieces
  3882 | D:5      | Bought a scroll of fear for 49 gold pieces
  3882 | D:5      | Bought a scroll of teleportation for 42 gold pieces
  3882 | D:5      | Bought a scroll of identify for 28 gold pieces
  3882 | D:5      | Bought a scroll of noise for 14 gold pieces
  3945 | D:5      | Reached XP level 8. HP: 27/53 MP: 2/15
  4100 | D:5      | Found a sand-covered staircase.
  4108 | Ossuary  | Entered an ossuary
  4604 | Ossuary  | Reached * piety under Sif Muna
  5707 | D:6      | Reached XP level 9. HP: 58/58 MP: 13/18
  6000 | D:6      | Reached ** piety under Sif Muna
  7685 | D:8      | Noticed Erica
  7694 | D:7      | Reached *** piety under Sif Muna
  7755 | D:7      | Killed Erica
  7755 | D:7      | Reached XP level 10. HP: 47/64 MP: 7/22
  7874 | D:8      | Noticed Pikel
  7920 | D:7      | Killed Pikel
  8413 | D:8      | Noticed Psyche
  8421 | D:8      | Killed Psyche
  8519 | D:8      | Found an iron altar of Okawaru.
  8759 | D:9      | Noticed a two-headed ogre
  8789 | D:8      | Reached **** piety under Sif Muna
  8986 | D:9      | Found a staircase to the Orcish Mines.
  9072 | D:9      | HP: 1/64 [two-headed ogre/+0 giant spiked club (28)]
  9074 | D:9      | Killed a two-headed ogre
  9264 | D:9      | Found a snail-covered altar of Cheibriados.
  9574 | D:9      | Gained mutation: You have hoof-like feet. [demonic
                  | ancestry]
  9574 | D:9      | Reached XP level 11. HP: 70/70 MP: 6/24
  9892 | D:10     | Entered Level 10 of the Dungeon
  9921 | D:10     | Slain by a porcupine

Levels and vault maps discovered:
D:1:      lemuel_arrival_room, layout_rooms, dk_noncrumbling_4, minmay_distorted
D:2:      layout_loops_ring
D:3:      kennysheep_goblin_castle, layout_loops_cross, first_ration
D:4:      layout_basic, serial_glass, glass_columns_a, glass_columns_a,
          st_stairs_8
D:5:      layout_rooms, minmay_temple_entry_slanted, nicolae_ossuary_entry_giza,
          serial_shops, nicolae_shop_window_shopping, roderic_lattice_a
D:6:      layout_gridville
D:7:      layout_layer_cave
D:8:      layout_loops_ring, marbit_many_paths, grunt_pizzeria,
          minmay_statues_item, uniq_erica, uniq_pikel, uniq_psyche
D:9:      layout_gridville, david_orc_2, cheibrodos_worm_habitat
D:10:     layout_long_grid, minmay_lair_entry_grove
Temple:   nicolae_temple_the_god_donut

Skill      XL: |  1  2  3  4  5  6  7  8  9 10 |
---------------+-------------------------------+-----
Fire Magic     | 3 4 5 6 8 9 |  9.5
Conjurations   | 2 3 4 5 6 8 9 |  9.9
Spellcasting   | 3 4 5 6 8 9 |  9.3
Fighting       | |  0.3
Dodging        | |  1.8
Stealth        | |  1.7
Invocations    | |  0.4
Evocations     | |  0.2

Action                   |  1- 3 |  4- 6 |  7- 9 | 10-12 || total
-------------------------+-------+-------+-------+-------++-------
Melee: Whip              |    30 |    12 |       |       ||    42
       Short sword       |       |    15 |   118 |       ||   133
       Kick              |       |       |    32 |    13 ||    45
       War axe           |       |       |    33 |       ||    33
       Scimitar          |       |       |       |    35 ||    35
Throw: Stone             |     2 |     1 |       |       ||     3
       Dart              |       |       |       |     1 ||     1
 Cast: Foxfire           |    77 |   115 |   302 |   136 ||   630
       Sticky Flame      |       |       |    25 |    27 ||    52
       Fireball          |       |       |       |     4 ||     4
  Use: Potion            |       |     1 |       |     2 ||     3
       Scroll            |       |     3 |     6 |     8 ||    17
 Stab: Sleeping          |       |     1 |       |     1 ||     2
  Eat: Chunk             |     3 |     5 |    10 |     9 ||    27
       Ration            |       |       |     2 |       ||     2
Armor: Robe              |     9 |    11 |    56 |    33 ||   109
Dodge: Dodged            |    29 |    52 |   217 |   117 ||   415
       Rpst.: Scimitar   |       |       |       |    34 ||    34

Table legend:
 A = Non-vault XP
 B = Vault XP
 C = Vault XP percentage of total XP
 D = Non-vault monster count
 E = Vault monster count
 F = Vault count percentage of total count
                 A         B        C        D         E       F
            +---------+---------+-------+---------+---------+-------
      Total |    7906 |    3607 |  31.3 |     216 |      71 |  24.7
            +---------+---------+-------+---------+---------+-------
        D:1 |      33 |       1 |   2.9 |      17 |       1 |   5.6
        D:2 |     104 |       0 |   0.0 |      23 |       0 |   0.0
        D:3 |     271 |      66 |  19.6 |      28 |      21 |  42.9
        D:4 |     644 |      45 |   6.5 |      15 |       2 |  11.8
        D:5 |     663 |      20 |   2.9 |      19 |       3 |  13.6
        D:6 |    1148 |       0 |   0.0 |      23 |       0 |   0.0
        D:7 |    1424 |    1586 |  52.7 |      35 |       2 |   5.4
        D:8 |    1080 |     734 |  40.5 |      24 |       3 |  11.1
        D:9 |    2409 |     148 |   5.8 |      30 |       8 |  21.1
       D:10 |     130 |     111 |  46.1 |       2 |       1 |  33.3
    Ossuary |       0 |     896 | 100.0 |       0 |      30 | 100.0
            +---------+---------+-------+---------+---------+-------
